AoeStats
← 659788842

Arena

510101655Analyzed
4v4 RM · 3d ago on Sep 29, 2026· 56m 17s· 8 players
Game mode
Random Map
Map size
Large (8 player)
Population
200
Speed
Normal
Resources
Standard
Victory
Conquest
Starting age
Dark Age
Ending age
Imperial Age
RankedLock teamsTeams togetherTeam positionsShared explorationLock speedFull tech treeHidden civsTurbo modeCheats
Victory
Defeat
🇨🇳 Byzantines · China
654
+13
🇨🇱 Teutons · Chile
645
+14
🇺🇸 Poles · United States
628
+14
🇪🇸 Turks · Spain
518
+19
🇨🇳 Huns · China
709
-20
🇰🇷 Celts · South Korea
655
-18
🇪🇬 Franks · Egypt
494
-11
🇨🇳 Chinese · China
492
-11
Looting
0:35 Loom
12:43 Feudal Age
13:45 Horse Collar
20:08 Castle Age
18:18 Scale Barding Armor
18:22 Stone Mining
19:39 Double-Bit Axe
22:05 Forging
21:21 Light Cavalry
29:35 Imperial Age
26:59 Fletching
28:16 Bloodlines
28:29 Chain Barding Armor
31:16 Lechitic Legacy
31:40 Pikeman
33:35 Fortified Wall
34:42 Conscription
34:36 Murder Holes
36:19 Winged Hussar
39:54 Husbandry
40:34 Hoardings
42:47 Iron Casting
45:57 Heavy Plow
45:27 Elite Skirmisher
46:14 Thumb Ring
47:12 Blast Furnace
47:58 Padded Archer Armor
49:10 Chemistry
ManeiroXXi
0:28 Loom
12:16 Feudal Age
13:50 Horse Collar
13:58 Double-Bit Axe
14:07 Stone Mining
14:08 Gold Mining
15:31 Wheelbarrow
19:21 Scale Barding Armor
27:10 Castle Age
26:51 Town Watch
27:04 Fletching
27:25 Forging
27:15 Scale Mail Armor
27:16 Padded Archer Armor
28:39 Bow Saw
29:28 Gold Shaft Mining
29:12 Fervor
29:55 Caravan
30:13 Bloodlines
30:04 Husbandry
30:11 Heavy Plow
31:35 Bodkin Arrow
33:13 Leather Archer Armor
33:35 Iron Casting
33:15 Chain Mail Armor
33:21 Chain Barding Armor
34:12 Hand Cart
34:04 Man-at-Arms
34:30 Arson
34:46 Squires
34:55 Thumb Ring
34:10 Crossbowman
35:56 Fortified Wall
35:38 Guard Tower
35:43 Murder Holes
35:30 Treadmill Crane
37:17 Town Patrol
36:54 Long Swordsman
38:14 Devotion
38:34 Sanctity
40:50 Ballistics
47:41 Imperial Age
46:17 Sipahi
46:55 Masonry
48:52 Bombard Tower
49:38 Two-Man Saw
49:19 Hoardings
49:06 Conscription
49:18 Sappers
50:45 Plate Mail Armor
51:16 Blast Furnace
50:58 Arrowslits
51:48 Ring Archer Armor
53:18 Artillery
54:51 Parthian Tactics
54:36 Bracer
55:12 Plate Barding Armor
54:42 Capped Ram
56:02 Architecture
57:20 Keep
mfuentesk
5:41 Loom
13:34 Feudal Age
15:02 Wheelbarrow
14:31 Double-Bit Axe
16:41 Horse Collar
17:28 Gold Mining
17:56 Stone Mining
20:33 Fletching
23:26 Padded Archer Armor
26:34 Castle Age
27:00 Scale Barding Armor
27:42 Bow Saw
27:49 Hand Cart
27:36 Heavy Plow
30:34 Stone Shaft Mining
35:39 Pikeman
36:20 Squires
41:37 Caravan
南方cold
0:56 Loom
13:27 Feudal Age
19:45 Castle Age
18:09 Horse Collar
20:40 Double-Bit Axe
20:57 Heavy Plow
23:38 Squires
25:35 Gold Mining
27:04 Stone Mining
30:21 Wheelbarrow
29:54 Fletching
30:04 Padded Archer Armor
34:05 Imperial Age
31:49 Forging
31:39 Scale Mail Armor
31:32 Pikeman
31:57 Arson
32:33 Scale Mail Armor
33:09 Iron Casting
34:13 Murder Holes
34:19 Halberdier
35:18 Chain Mail Armor
35:19 Bodkin Arrow
35:24 Padded Archer Armor
36:43 Conscription
36:56 Fortified Wall
37:48 Chemistry
38:01 Plate Mail Armor
37:34 Bracer
38:47 Ballistics
38:46 Bow Saw
38:54 Treadmill Crane
40:13 Guard Tower
40:43 Hand Cart
42:14 Hoardings
43:11 Two-Man Saw
42:51 Crop Rotation
43:39 Scale Barding Armor
44:05 Logistica
44:51 Husbandry
44:38 Elite Varangian Guard
46:29 Keep
45:39 Arrowslits
48:43 Chain Barding Armor
48:11 Arrowslits
49:14 Gold Shaft Mining
49:14 Stone Shaft Mining
49:49 Coinage
50:18 Greek Fire
50:56 Plate Barding Armor
51:23 Bombard Tower
52:04 Elite Cataphract
56:24 Banking
56:16 Spies/Treason
tuck205
1:47 Loom
13:27 Feudal Age
14:44 Wheelbarrow
14:18 Horse Collar
24:21 Castle Age
23:01 Gold Mining
25:53 Hand Cart
25:36 Double-Bit Axe
25:54 Heavy Plow
26:15 Caravan
659788842
0:41 Loom
11:15 Feudal Age
15:59 Wheelbarrow
15:10 Town Watch
16:09 Horse Collar
19:08 Double-Bit Axe
27:44 Castle Age
28:44 Hand Cart
31:13 Bow Saw
31:07 Heavy Plow
31:43 Fortified Wall
31:32 Guard Tower
32:00 Masonry
32:04 Padded Archer Armor
31:55 Fletching
31:55 Man-at-Arms
32:06 Crossbowman
32:21 Light Cavalry
33:15 Bloodlines
33:41 Forging
33:56 Elite Skirmisher
38:52 Caravan
39:25 Coinage
39:13 Husbandry
38:50 Long Swordsman
40:08 Ballistics
40:08 Great Wall
44:45 Imperial Age
46:21 Elite Chu Ko Nu
50:40 Two-Man Saw
noob
10:54 Feudal Age
11:37 Double-Bit Axe
11:34 Horse Collar
14:44 Loom
18:06 Castle Age
17:06 Stone Mining
19:06 Heavy Plow
22:11 Bloodlines
22:25 Bow Saw
25:47 Scale Barding Armor
27:10 Husbandry
28:01 Forging
29:46 Chain Barding Armor
35:44 Iron Casting
39:49 Imperial Age
37:29 Thumb Ring
37:17 Fletching
38:01 Bodkin Arrow
40:05 Heavy Cavalry Archer
41:11 Parthian Tactics
41:11 Padded Archer Armor
42:14 Wheelbarrow
42:04 Conscription
42:37 Ballistics
41:46 Light Cavalry
42:49 Leather Archer Armor
43:53 Plate Barding Armor
43:23 Bracer
44:40 Two-Man Saw
47:23 Plate Barding Armor
47:54 Chemistry
48:12 Hand Cart
47:45 Town Watch
49:02 Blast Furnace
49:17 Town Patrol
kzakaria9191
0:33 Loom
12:34 Feudal Age
15:15 Man-at-Arms
19:58 Double-Bit Axe
21:15 Stone Mining
21:19 Gold Mining
26:45 Castle Age
32:00 Husbandry
31:46 Long Swordsman
32:30 Squires
33:01 Town Watch
33:53 Bow Saw
34:18 Gambesons
37:49 Scale Barding Armor
37:55 Forging
41:13 Imperial Age
39:07 Town Patrol
39:04 Treadmill Crane
40:28 Pikeman
42:06 Fortified Wall
42:19 Ballistics
41:56 Murder Holes
42:32 Ballistics
42:18 Padded Archer Armor
42:09 Fletching
42:39 Fortified Wall
44:36 Hoardings
Connection lost

Rejoining the realm…

Still unreachable

The connection could not be restored.

Session expired

The server has moved on; the page needs a fresh start.